 Dungeon Crawl Stone Soup version 0.30-b1-2-g02819fbbbe (webtiles) character file.

Game seed: 8416187653639635816

705 synk the Fighter (level 7, -4/68 HPs)
             Began as a Hill Orc Monk on Jan 8, 2024.
             Was a Believer of Beogh.
             Slain by an ogre
             ... wielding a +0 giant club
              (30 damage)
             ... on level 6 of the Dungeon.
             The game lasted 00:13:16 (5223 turns).

synk the Fighter (Hill Orc Monk)                    Turns: 5223, Time: 00:13:16

Health: -4/68      AC: 15    Str: 16    XL:     7   Next: 67%
Magic:  7/7        EV:  5    Int: 10    God:    Beogh [**....]
Gold:   316        SH:  0    Dex: 19    Spells: 6/6 levels left

rFire   . . .        r - +2 dagger (speed)
rCold   . . .        d - orb {light}
rNeg    . . .        A - +3 plate armour
rPois   .            E - +0 helmet
rElec   .            R - +0 cloak
rCorr   .            (no gloves)
SInv    .            (no boots)
Will    .....        (no amulet) Stlth
                     s - +6 ring of dexterity
HPRegen 0.31/turn    I - ring of flight
MPRegen 0.10/turn

%: no passive effects
@: flying, glowing
A: no striking features
a: Renounce Religion, Smiting


You were on level 6 of the Dungeon.
You worshipped Beogh.
Beogh was pleased with you.
You visited 1 branch of the dungeon, and saw 6 of its levels.

You collected 316 gold pieces.

Inventory:

Hand Weapons
 r - a +2 dagger of speed (weapon)
Missiles
 g - a throwing net {=F}
 S - 6 boomerangs of dispersal (quivered)
Armour
 d - an orb of light (worn)
 A - a +3 plate armour (worn)
 E - a +0 helmet (worn)
 R - a +0 cloak (worn)
Jewellery
 s - a +6 ring of dexterity (left hand)
 I - a ring of flight (right hand)
 J - a ring of magical power
Wands
 p - a wand of paralysis (9)
 P - a wand of polymorph (12)
Scrolls
 i - 3 scrolls of identify
 v - a scroll of vulnerability {unknown}
 w - 2 scrolls of poison {unknown}
 x - 2 scrolls of enchant weapon {unknown}
 y - 2 scrolls of blinking {unknown}
 z - a scroll of enchant armour {unknown}
 B - 2 scrolls of teleportation {unknown}
 D - 3 scrolls of immolation {unknown}
 Q - a scroll of fear {unknown}
Potions
 o - 3 potions of ambrosia
 q - 2 potions of curing
 u - a potion of flight {unknown}
 C - a potion of resistance {unknown}
 F - a potion of cancellation {unknown}
 G - a potion of degeneration {unknown}
 H - a potion of brilliance {unknown}
 K - a potion of heal wounds {unknown}
 L - a potion of haste {unknown}


   Skills:
 + Level 8.3 Fighting
 - Level 8.0 Axes
 - Level 2.5 Dodging


You had 6 spell levels left.
You didn't know any spells.
Your spell library contained the following spells:

 Spells                   Type           Power      Damage    Failure   Level
 Portal Projectile        Hex/Tloc       0%         N/A       100%        3
 Tukima's Dance           Hex            0%         N/A       100%        3
 Blade Hands              Tmut           0%         N/A       100%        5
 Simulacrum               Ice/Necr       0%         N/A       100%        6
 Ozocubu's Refrigeration  Ice            0%         4d7       100%        7
 Polar Vortex             Ice            0%         N/A       100%        9


Dungeon Overview and Level Annotations

Branches:
Dungeon (6/15) Zot: 26795
 Temple: D:4-7

Altars:
Qazlal
Trog


Message History

The centaur barely misses you.
You hit the centaur but do no damage.
The centaur is almost dead.
The centaur barely misses you. x2
You hit the centaur.
You kill the centaur!
Training target 8.0 for Fighting reached!
Your Fighting skill increases to level 8!
You need to enable at least one skill for training.
An orc wizard comes into view. It is wielding a +0 dagger.
The orc wizard shouts!
The orc wizard casts a spell.
The orc wizard flickers and vanishes!
Deactivating autopickup; reactivate with Ctrl-A.
You hear a shout!
An ogre comes into view. It is wielding a +0 giant club.
The ogre barely misses you.
An orc priest comes into view. It is wielding a +0 club.
Sorry, you're not good enough to have a special ability.
Sorry, you're not good enough to have a special ability.
The ogre attacks as you move away! The ogre hits you but does no damage.
Found 8 gold pieces.
An orc wizard comes into view. It is wielding a +0 dagger.
The orc wizard shouts!
The orc priest shouts, "Beogh is our master!
Accept the truth or die!" (press Y on the ability menu to convert to Beogh)
The orc priest invokes the aid of Beogh against you.
Beogh smites you!
You bow before the missionary of Beogh.
Beogh welcomes you!
You can now smite your foes.
With a roar of approval, the orcs welcome you as one of their own, and spare your life.
You barely miss the ogre. The ogre hits you with a +0 giant club!
* * * LOW HITPOINT WARNING * * *
The orc wizard barely misses the ogre.
You hit the ogre.
The ogre is lightly wounded.
You hit the ogre.
The ogre is moderately wounded.
The orc wizard closely misses the ogre.
The ogre hits you with a +0 giant club!
* * * LOW HITPOINT WARNING * * *
You puncture the ogre!
The ogre is heavily wounded.
The orc wizard closely misses the ogre.
You hit the ogre.
The ogre is heavily wounded.
You hit the ogre.
The ogre is severely wounded.
The ogre hits you with a +0 giant club!!
You die...

#.....#.# ##.##............
#.....##.###o######.#.......
..........#)## ## #...####
#.....####.......####.#
......# #.#####.# #.#
..##### #.# #. #o# #. #. #.
#.#####.. #. o.
#o####........ #[
#o@Oo......... #.
#######.#.##.. .#... .# #..#
.# ..# .# .# .#


You could see an ogre, a neutral orc priest (wandering) and 2 neutral orc
wizards.

Vanquished Creatures
  A wyvern (D:4)
  A centaur (D:6)
  A scorpion (D:4)
  3 hounds
  A gnoll bouda (D:4)
  An iguana (D:5)
  A sleepcap (D:6)
  6 adders
  9 gnolls
  2 ufetubi
  3 worms (D:5)
  3 dart slugs
  2 orcs
  8 endoplasms
  8 goblins
  3 hobgoblins
  5 jackals
  8 kobolds
  4 quokkas
  6 ball pythons
  9 bats
  2 frilled lizards (D:1)
  6 rats
93 creatures vanquished.

Notes
Turn   | Place    | Note
-------+----------+-------------------------------------------
     0 | D:1      | synk the Hill Orc Monk began the quest for the Orb.
     0 | D:1      | Reached XP level 1. HP: 19/19 MP: 1/1
   156 | D:1      | Reached XP level 2. HP: 27/27 MP: 2/2
   214 | D:1      | HP: 1/27 [quokka (3)]
   668 | D:1      | Found Ylurr's Book Boutique.
   793 | D:1      | Reached XP level 3. HP: 33/33 MP: 3/3
  1350 | D:2      | Found a bloodstained altar of Trog.
  1527 | D:2      | Reached skill level 5 in Axes
  1682 | D:2      | Reached XP level 4. HP: 40/41 MP: 4/4
  2441 | D:3      | Reached skill level 5 in Fighting
  2524 | D:3      | Found a faded altar of an unknown god.
  2743 | D:3      | Reached XP level 5. HP: 32/48 MP: 5/5
  3261 | D:4      | Found a stormy altar of Qazlal.
  3817 | D:4      | Reached XP level 6. HP: 56/57 MP: 6/6
  3919 | D:5      | Entered Level 5 of the Dungeon
  4295 | D:5      | Noticed a wyvern
  4334 | D:4      | Killed a wyvern
  4335 | D:4      | Reached XP level 7. HP: 54/64 MP: 7/7
  5217 | D:6      | Became a worshipper of Beogh the Brigand
  5217 | D:6      | Reached * piety under Beogh
  5217 | D:6      | Reached ** piety under Beogh
  5223 | D:6      | Slain by an ogre

Illustrated notes

Levels and vault maps discovered:
D:1:      dpeg_arrival_brainrot, layout_loops_corners, serial_shops,
          nicolae_shop_trees
D:2:      layout_basic, basic_altar
D:3:      layout_basic, ebering_ecumenical_altar_abandoned
D:4:      layout_gridville, grunt_qazlal_clouds, nicolae_elevator_lobby_plus
D:5:      layout_rooms
D:6:      layout_loops_ring, serial_shops, shop, uniq_duvessa

Skill      XL: |  1  2  3  4  5  6  7 |
---------------+----------------------+-----
Fighting       | 4 5 6 8 |  8.3
Axes           | 5 6 7 8 |  8.0
Dodging        | |  2.5

Action                     |  1- 3 |  4- 6 |  7- 9 || total
---------------------------+-------+-------+-------++-------
  Melee: Hand axe          |    57 |       |       ||    57
         Dagger            |    32 |   216 |   145 ||   393
  Throw: Throwing net      |       |     1 |       ||     1
 Invoke: Convert to Beogh  |       |       |     1 ||     1
  Evoke: Wand              |       |     1 |       ||     1
    Use: Scroll            |       |     1 |       ||     1
         Potion            |       |     1 |       ||     1
   Stab: Held in net/web   |       |     1 |       ||     1
         Paralysed         |       |     6 |       ||     6
 Armour: Robe              |    11 |       |       ||    11
         Plate armour      |       |   118 |    64 ||   182
  Dodge: Dodged            |    42 |    33 |    29 ||   104

Levels and vault maps discovered:
D:1:      dpeg_arrival_brainrot, layout_loops_corners, serial_shops,
          nicolae_shop_trees
D:2:      layout_basic, basic_altar
D:3:      layout_basic, ebering_ecumenical_altar_abandoned
D:4:      layout_gridville, grunt_qazlal_clouds, nicolae_elevator_lobby_plus
D:5:      layout_rooms
D:6:      layout_loops_ring, serial_shops, shop, uniq_duvessa
